Map: Echo LE (Void)

Players

Musumeci

  • Race: Zerg Zerg
  • League: Diamond
  • Spawn Location: 5:00

Bullvai - Winner!

  • Race: Terran Terran
  • League: Diamond
  • Spawn Location: 11:00

VOD

Have the link to the VOD?

Description

Time

  • Played on: Dec. 22, 2016, 6:10 p.m.
  • Length: 18:01
Show
View Real Time Build Order
Export as new Build Order

Musumeci Zerg 

Build Orders: Hatch First 

Get SALT Encoding   

  12  0:00  Drone  
  13  0:08  Drone  
  14  0:24  Drone, Extractor  
  15  0:40  Hatchery  
  14  0:52  Drone, Extractor  
  15  1:00  Spawning Pool  
  14  1:06  Drone, Extractor  
  14  1:12  Extractor  
  14  1:14  Drone  
  14  1:23  Overlord  
  16  1:42  Drone x3  
  19  1:47  Queen  
  19  1:52  Queen  
  23  1:56  Drone  
  23  1:59  Drone  
  25  2:05  Overlord  
  25  2:09  Drone  
  26  2:23  Queen  
  26  2:28  Queen  
  26  2:29  Drone  
  31  2:34  Drone  
  31  2:44  Drone  
  31  2:45  Drone x3  
  31  2:50  Drone  
  36  2:59  Overlord  
  36  3:04  Extractor  
  35  3:05  Extractor  
  35  3:08  Drone x2  
  35  3:09  Roach Warren  
  35  3:10  Drone  
  36  3:18  Drone x5  
  41  3:26  Drone x2  
  43  3:32  Overlord  
  43  3:34  Drone  
  44  3:50  Overlord  
  44  3:51  Roach x4  
  44  3:55  Overlord  
  52  3:59  Evolution Chamber  
  52  4:01  Evolution Chamber  
  50  4:05  Roach  
  50  4:09  Drone  
  53  4:19  Hatchery  
  52  4:38  Roach x3  
  58  4:45  Spore Crawler  
  58  4:46  Spore Crawler x2  
  58  4:48  Lair  
  58  4:49  Drone x5  
  60  4:55  Extractor x2  
  58  5:07  Zerg Missile Weapons Level 1  
  58  5:09  Roach  
  58  5:10  Overlord  
  58  5:11  Overlord x3  
  60  5:40  Drone x10  
  70  5:51  Glial Reconstitution  
  70  5:52  Drone x4  
  70  5:54  Zerg Ground Armor Level 1  
  70  5:55  Drone x2  
  77  5:57  Drone  
  75  6:17  Drone x3  
  75  6:18  Drone x4  
  82  6:21  Extractor  
  82  6:22  Extractor  
  78  6:32  Roach x7  
  82  6:45  Drone  
  82  6:46  Drone x4  
  87  6:54  Ravager x2  
  88  6:57  Ravager x2  
  88  6:58  Roach x3  
  97  7:04  Zerg Missile Weapons Level 2  
  95  7:20  Roach x4  
  97  7:28  Overlord  
  97  7:29  Overlord x3  
  97  7:36  Ravager  
  98  7:47  Roach x14  
  126  8:00  Overlord x2  
  126  8:01  Overlord x5  
  126  8:02  Ravager x2  
  126  8:03  Ravager x2  
  130  8:12  Extractor  
  129  8:13  Overlord  
  129  8:14  Hatchery  
  129  8:16  Extractor  
  123  8:25  Roach  
  123  8:26  Roach x10  
  141  8:41  Queen  
  143  8:53  Ravager  
  143  8:54  Ravager x9  
  153  9:03  Roach x4  
  153  9:04  Roach x3  
  167  9:23  Drone x3  
  170  9:33  Spore Crawler x2  
  163  10:08  Drone  
  163  10:09  Drone x15  
  163  10:12  Roach Warren  
  177  10:17  Drone x3  
  177  10:19  Drone x2  
  177  10:29  Spore Crawler  
  170  10:44  Spore Crawler  
  169  10:54  Hatchery  
  165  11:12  Roach x7  
  165  11:16  Hatchery  
  178  11:22  Roach Warren  
  126  12:01  Roach x7  
  126  12:02  Roach x12  
  126  12:04  Ravager  
  126  12:05  Ravager x13  
  178  12:14  Roach  
  178  12:15  Roach x4  
  164  12:20  Roach x2  
  164  12:21  Roach  
  122  12:27  Roach x4  
  115  12:31  Roach x2  
  93  12:40  Ravager x6  
  93  12:41  Roach x4  
  93  12:43  Ravager x2  
  95  12:53  Roach x6  
  95  12:56  Roach x3  
  96  12:58  Drone  
  96  13:01  Drone x4  
  92  13:08  Ravager x4  
  96  13:20  Ravager x10  
  96  13:24  Drone x5  
  111  13:28  Ravager  
  112  13:36  Drone x3  
  112  13:38  Roach x3  
  120  14:00  Hatchery  
  119  14:06  Roach  
  119  14:07  Roach x2  
  126  14:24  Roach x11  
  140  14:35  Roach, Evolution Chamber  
  137  14:42  Spore Crawler x2  
  135  14:50  Spore Crawler  
  134  14:55  Spore Crawler x2  
  134  14:59  Drone  
  134  15:00  Drone x2  
  134  15:02  Drone x6  
  140  15:10  Ravager x7  
  128  15:25  Roach  
  128  15:26  Roach x3  
  80  15:37  Roach x3  
  69  16:05  Roach x7  
  72  16:19  Ravager x2  
  72  16:20  Ravager x2  
  73  16:34  Roach  
  73  16:35  Roach x2  
  67  16:43  Drone x2  
  69  16:47  Ravager  
  69  16:48  Ravager  
  71  17:02  Ravager x6  
  77  17:12  Roach  
  60  17:15  Roach  
Show
View Real Time Build Order
Export as new Build Order

Bullvai Terran - Winner!

Build Orders: MMM Bio 

Get SALT Encoding   

  12  0:01  SCV  
  13  0:13  SCV  
  14  0:17  Supply Depot  
  14  0:25  SCV  
  15  0:38  SCV  
  15  0:41  Barracks  
  16  0:50  SCV  
  16  0:55  Refinery  
  17  1:03  SCV  
  18  1:15  SCV  
  19  1:28  Orbital Command  
  19  1:34  Command Center  
  19  1:38  Barracks Reactor  
  19  1:48  Barracks  
  19  1:53  SCV  
  20  2:05  SCV  
  21  2:10  Supply Depot  
  21  2:14  Marine x2  
  23  2:37  SCV, Barracks Tech Lab  
  23  2:38  Factory  
  23  2:41  Refinery  
  24  2:50  SCV  
  25  2:55  Bunker  
  25  2:59  Marine, Stimpack  
  25  3:00  Marine x2  
  25  3:03  SCV  
  29  3:10  Orbital Command  
  29  3:17  Marine x2  
  29  3:18  Marine  
  32  3:24  Starport  
  32  3:26  Supply Depot  
  32  3:31  Factory Reactor  
  32  3:36  SCV  
  32  3:37  SCV, Refinery  
  34  3:52  SCV  
  34  3:53  SCV, Engineering Bay  
  34  3:54  Marine x3  
  39  4:13  Factory Tech Lab  
  39  4:19  Terran Infantry Weapons Level 1  
  39  4:22  Medivac  
  39  4:23  Medivac  
  43  4:25  Marine x2  
  43  4:26  Marine  
  46  4:34  SCV x2  
  46  4:38  Siege Tank  
  51  4:48  SCV x2  
  51  4:50  Marine  
  54  5:07  Marine x2  
  54  5:08  SCV x2, Supply Depot  
  54  5:09  Marine, Supply Depot  
  54  5:11  Siege Tank  
  62  5:29  Marine x2  
  63  5:45  Marine  
  63  5:46  Medivac x2  
  63  5:47  Marine, Siege Tank  
  72  6:08  SCV  
  72  6:09  SCV  
  74  6:12  Barracks, Combat Shields  
  74  6:13  Terran Infantry Armor Level 1  
  74  6:14  Barracks  
  69  6:50  Marine  
  69  6:51  Marine x2  
  69  6:52  Medivac, Siege Tank  
  77  6:59  SCV, Armory  
  78  7:02  Supply Depot  
  78  7:05  SCV, Medivac  
  66  7:24  Marine x2  
  66  7:27  Barracks Reactor x2  
  68  7:34  Supply Depot  
  68  7:37  Supply Depot  
  68  7:58  Command Center  
  68  8:07  Terran Infantry Weapons Level 2  
  68  8:10  Engineering Bay  
  65  8:27  SCV x2, Marine  
  66  8:28  Marine x6  
  66  8:29  Medivac  
  66  8:30  Medivac, Siege Tank  
  81  8:45  Marine x2  
  83  8:50  Marine x5  
  83  8:51  Terran Infantry Armor Level 2  
  83  8:52  Supply Depot  
  83  8:55  SCV x2  
  90  8:57  Supply Depot  
  90  9:03  Marine  
  90  9:07  SCV x2  
  93  9:19  SCV x2  
  95  9:25  Marine x5, Supply Depot  
  95  9:26  Marine x2  
  102  9:43  Marine  
  102  9:44  Marine x6  
  112  9:45  Siege Tank  
  112  10:00  Marine  
  112  10:01  Marine  
  111  10:11  Marine x5  
  111  10:13  Medivac x2  
  120  10:15  Planetary Fortress  
  120  10:16  Supply Depot  
  120  10:18  Marine  
  120  10:19  Marine  
  122  10:28  Marine  
  122  10:29  Marine  
  123  10:58  Marine x3  
  123  10:59  Marine x4  
  127  11:16  Marine x2  
  109  11:25  Marine  
  109  11:26  Marine x4  
  112  11:34  Marine x2  
  112  11:43  Marine x2  
  103  11:47  Marine x3  
  103  11:51  SCV x3  
  104  12:03  SCV x2  
  104  12:06  Command Center  
  106  12:10  Terran Infantry Weapons Level 3, Terran Infantry Armor Level 3  
  93  12:29  Marine x3  
  89  12:30  Marine x4  
  85  12:47  Marine x4  
  85  12:48  Marine x3  
  81  13:05  Marine x6  
  81  13:06  Marine  
  81  13:07  Siege Tank  
  89  13:23  Marine x7  
  96  13:33  Refinery x2  
  96  13:36  Medivac  
  96  13:37  Medivac  
  96  13:38  SCV x2  
  96  13:39  Siege Tank  
  96  13:40  Marine  
  96  13:41  Marine x6  
  111  13:58  Marine x2  
  111  13:59  Marine x5  
  111  14:16  Marine x4  
  111  14:17  Marine x3  
  117  14:34  Marine x3  
  117  14:37  Marine x4  
  124  14:38  Siege Tank  
  124  14:39  Medivac x2  
  131  14:52  Marine x3  
  134  14:54  Marine  
  134  14:55  Marine x3  
  137  15:09  Marine  
  101  15:28  Marine  
  101  15:29  Marine x4  
  101  15:32  Marine  
  101  15:33  Marine  
  94  15:46  Marine x2  
  94  15:47  Marine x2  
  97  15:59  Marine x3  
  97  16:00  Medivac  
  97  16:01  Medivac  
  104  16:04  Marine x4  
  108  16:17  Marine x3  
  107  16:22  Marine  
  108  16:30  Medivac  
  108  16:31  Marine  
  108  16:32  Marine x2  
  108  16:34  Marine  
  108  16:35  Marine x2  
  108  16:40  Marine  
  108  16:45  Planetary Fortress  
  109  16:49  Marine x2  
  109  16:50  Marine  
  109  16:52  Marine  
  113  17:03  Refinery  
  113  17:07  Refinery  
  113  17:12  Marine x4  
  113  17:13  Marine x3  
  102  17:23  Siege Tank  
  102  17:24  Medivac x2  
  105  17:30  Marine x6  
  105  17:31  Marine  
Tags
 
Composition
MMM Bio
Matchup
TvZ
Replay Pack
replay pack
Spawn Locations
Cross Positions
Add a new tag
Caveats
  • Supply blocks, unpowered buildings, or Contaminate may cause inaccurate times.
  • Supply counts are checked every 10 seconds.